 Dungeon Crawl Stone Soup version 0.21.1-1-g345015fe64 (webtiles) character file.

113 Holzbalken the Cudgeler (level 4, -2/28 HPs)
             Began as a Gargoyle Monk on July 16, 2018.
             Slain by a quokka (3 damage)
             ... on level 3 of the Dungeon.
             The game lasted 00:07:13 (2829 turns).

Holzbalken the Cudgeler (Gargoyle Monk)             Turns: 2829, Time: 00:07:14

Health: -2/28      AC:  6    Str: 20    XL:     4   Next: 96%
Magic:  4/4        EV:  9    Int: 11    God:
Gold:   121        SH:  7    Dex: 12    Spells: 3/3 levels left

rFire    . . .     SeeInvis .   a - +0 mace
rCold    . . .     Gourm    .   h - +0 shield
rNeg     + . .     Faith    .   d - +0 leather armour
rPois    ∞         Spirit   .   (no helmet)
rElec    +         Reflect  .   (no cloak)
rCorr    .         Harm     .   (no gloves)
MR       +....                  (no boots)
Stlth    ++........             (no amulet)
HPRegen  0.09/turn              q - ring of protection from magic
MPRegen  0.09/turn              r - ring of wizardry

@: mighty
A: negative energy resistance 1, electricity resistance, unbreathing,
petrification resistance, rot immunity, AC +3
a: no special abilities


You were on level 3 of the Dungeon.
You were not hungry.

You visited 1 branch of the dungeon, and saw 3 of its levels.

You collected 121 gold pieces.

Inventory:

Hand Weapons
 a - a +0 mace (weapon)
Armour
 b - a +0 robe
 d - a +0 leather armour (worn)
 h - a +0 shield (worn)
Jewellery
 q - a ring of protection from magic (left hand)
 r - a ring of wizardry (right hand)
Scrolls
 e - 2 scrolls of enchant weapon {unknown}
 f - a scroll of identify {unknown}
 g - 2 scrolls of fear {unknown}
 i - a scroll of immolation {unknown}
 p - a scroll of amnesia
Potions
 j - a potion of flight {unknown}
 n - a potion of resistance {unknown}
 o - a potion of heal wounds {unknown}
 s - a potion of curing {unknown}
Comestibles
 c - 6 rations


   Skills:
 - Level 3.2 Fighting
 + Level 5.5 Maces & Flails
 - Level 2.4 Dodging
 - Level 2.1 Stealth


You had 3 spell levels left.
You didn't know any spells.

Dungeon Overview and Level Annotations

Branches:
Dungeon (3/15)

Altars:
Qazlal
Yredelemnul


Innate Abilities, Weirdness & Mutations

You are resistant to torment.
Your stone body is resilient. (AC +3)
You are immune to poison.
You resist negative energy. (rN+)
You are resistant to electric shocks. (rElec)
You can survive without breathing.
You are immune to petrification.
You are immune to rotting.


Message History

You closely miss the kobold. The quokka bites you.
* * * LOW HITPOINT WARNING * * *
The kobold barely misses you.
You miss the kobold. The quokka closely misses you.
You block the kobold's attack. You block the quokka's attack.
You barely miss the kobold. You block the kobold's attack.
The quokka bites you but does no damage.
The kobold hits you but does no damage.
You miss the kobold. The quokka bites you.
* * * LOW HITPOINT WARNING * * *
The kobold hits you but does no damage. You block the quokka's attack.
It was a potion of might.
You feel very mighty all of a sudden. The quokka bites you.
* * * LOW HITPOINT WARNING * * *
The kobold misses you.
You hit the kobold.
You kill the kobold!
The quokka barely misses you. The quokka bites you.
You die...

### ..# #.#
####.# #...<##
#...@.#
#.$.[.†r).....#
###!).....(.<.#
#...........#
#.....#.....#
#.....##.....#
#..... .....#
#..... .....#


You could see a quokka.

Vanquished Creatures
  A worker ant zombie (D:3)
  4 adders
  A worm (D:2)
  3 dart slugs (D:1)
  2 leopard geckos
  7 bats
  5 giant cockroaches
  4 goblins
  13 hobgoblins
  3 jackals (D:3)
  3 frilled lizards (D:1)
  4 kobolds
  4 rats
54 creatures vanquished.

Notes
Turn   | Place    | Note
-------+----------+-------------------------------------------
     0 | D:1      | Holzbalken the Gargoyle Monk began the quest for the Orb.
     0 | D:1      | Reached XP level 1. HP: 14/14 MP: 1/1
   208 | D:1      | Reached XP level 2. HP: 12/19 MP: 2/2
   558 | D:1      | Reached skill level 4 in Maces & Flails
   686 | D:1      | Reached XP level 3. HP: 23/23 MP: 3/3
  1318 | D:2      | Found a basalt altar of Yredelemnul.
  1747 | D:2      | Reached XP level 4. HP: 16/28 MP: 4/4
  2161 | D:2      | Reached skill level 5 in Maces & Flails
  2691 | D:3      | Found a stormy altar of Qazlal.
  2828 | D:3      | HP: 1/28 [quokka (1)]
  2829 | D:3      | Slain by a quokka

Skill      XL: |  1  2  3  4 |
---------------+-------------+-----
Maces & Flails | 4 5 |  5.5
Fighting       | |  3.2
Dodging        | |  2.4
Stealth        | |  2.1

Action                   |  1- 3 |  4- 6 || total
-------------------------+-------+-------++-------
Melee: Mace              |   125 |    65 ||   190
  Use: Scroll            |       |     2 ||     2
       Potion            |       |     1 ||     1
 Stab: Sleeping          |     4 |     1 ||     5
       Distracted        |       |     1 ||     1
  Eat: Chunk             |     2 |     4 ||     6
Armor: Leather armour    |    43 |    42 ||    85
Dodge: Dodged            |    61 |    46 ||   107
Block: Shield            |    24 |    39 ||    63
